 Dungeon Crawl Stone Soup version 0.20-a0-303-g575bbf7 (webtiles) character file.

20750 Goblin1989 the Carver (level 12, -39/144 HPs)
             Began as a Demonspawn Monk on Dec 16, 2016.
             Was an Initiate of Gozag.
             Annihilated by an orc warrior
             ... wielding a +0 battleaxe
             ... led by an orc warlord
              (44 damage)
             ... on level 1 of the Orcish Mines on Dec 17, 2016.
             The game lasted 00:56:30 (14988 turns).

Goblin1989 the Carver (Demonspawn Monk)            Turns: 14988, Time: 00:56:31

Health: -39/144    AC: 17    Str: 23    XL:     12   Next: 48%
Magic:  12/12      EV: 22    Int: 18    God:    Gozag
Gold:   496        SH:  0    Dex: 21    Spells: 11/11 levels left

rFire  + . .     SeeInvis +     C - +0 great sword
rCold  . . .     Gourm    .     i - +3 chain mail {rPois}
rNeg   . . .     Faith    .     (shield currently unavailable)
rPois  +         Spirit   .     (helmet unavailable)
rElec  .         Reflect  .     p - +0 cloak
rCorr  .         Harm     +     E - +0 pair of gloves
MR     .....                    z - +0 pair of boots
Stlth  ..........               o - amulet of harm
                                s - ring of see invisible
                                b - +3 ring of strength

@: mighty, brilliant, agile, berserking, gold aura, very slightly contaminated,
hasted, very quick
A: horns 3, talons 1, repulsion field 2, fire resistance 1, powered by pain 1
a: Potion Petition, Call Merchant, Bribe Branch, Renounce Religion


You were on level 1 of the Orcish Mines.
You worshipped Gozag.
Gozag was aware of your devotion.
You were not hungry.

You visited 4 branches of the dungeon, and saw 16 of its levels.

You collected 2902 gold pieces.
You spent 733 gold pieces at shops.
You paid 1673 gold pieces to Gozag.

Inventory:

Hand Weapons
 C - a +0 great sword (weapon)
Missiles
 d - 26 tomahawks (quivered)
 y - 2 needles of frenzy
 A - 2 needles of confusion
 Z - a throwing net {=f, !d}
Armour
 i - a +3 chain mail of poison resistance (worn)
 p - a +0 cloak (worn)
 z - a +0 pair of boots (worn)
 E - a +0 pair of gloves (worn)
Jewellery
 b - a +3 ring of strength (left hand)
 o - an amulet of harm (around neck)
 q - an uncursed ring of wizardry
 s - a ring of see invisible (right hand)
 w - the amulet "Zauseq" {Faith *Drain +Blink rC+ Str+4}
   (You bought it in a shop on level 8 of the Dungeon)

   [amulet of faith]

   It allows you to gain divine favour quickly.
   It affects your strength (+4).
   It protects you from cold.
   It lets you blink.
   It causes draining when unequipped.
 L - an uncursed ring of fire
Wands
 t - a wand of digging (18/24)
 H - a wand of slowing (25/48)
 I - a wand of iceblast (4/15)
 K - a wand of iceblast (4/15)
 M - a wand of polymorph (2/24)
Scrolls
 a - 3 scrolls of enchant armour
 h - 3 scrolls of recharging
 j - 3 scrolls of magic mapping {unknown}
 n - 4 scrolls of remove curse {@r2}
 r - 3 scrolls of fog
 v - a scroll of fear
 B - 6 scrolls of blinking
 F - 3 scrolls of noise {unknown}
 G - 2 scrolls of immolation {!r}
 J - 4 scrolls of enchant weapon
 T - 5 scrolls of teleportation {!r, @r4}
Potions
 e - 3 potions of heal wounds {!q, @q2}
 f - a potion of flight
 g - 2 potions of curing {@q1}
 k - 2 potions of brilliance
 D - a potion of agility
 N - a potion of cancellation {unknown}
 P - a potion of ambrosia {unknown}
Miscellaneous
 x - a sack of spiders
Comestibles
 c - a bread ration {@e1}
 m - 4 meat rations {@e2}
 u - 11 slices of pizza


   Skills:
 + Level 9.4 Fighting
 * Level 13.6 Long Blades
 + Level 7.9 Armour
 + Level 7.8 Dodging
 - Level 1.7 Stealth


You had 11 spell levels left.
You didn't know any spells.

Dungeon Overview and Level Annotations

Branches:
Dungeon (13/15)            Temple (1/1) D:6            Lair (1/6) D:9
    Orc (1/2) D:12
 Vaults: D:13-14

Altars:
Cheibriados
Dithmenos
Elyvilon
Gozag
Hepliaklqana
Makhleb
Nemelex Xobeh
Okawaru
Qazlal
Ru
Sif Muna
Trog
Vehumet
Xom
Yredelemnul
Zin
The Shining One

Shops:
D:4 *((!   D:6 %   D:8 !%[?*   D:12 [[


Innate Abilities, Weirdness & Mutations

You have a pair of large horns on your head.
You are surrounded by a moderate repulsion field. (EV +3)
Your flesh is heat resistant. (rF+)
You sometimes gain a little power by taking damage.
You have sharp toenails.


Message History

You focus on the pain.
You feel mightier all of a sudden.
The ogre shouts!
You take 14 damage, and have 24/142 hp.
You slash the troll!
The troll is moderately wounded.
You slice the troll!!
You kill the troll!
The orc priest mumbles some strange prayers to Beogh against you.
Beogh smites you!
* * * LOW HITPOINT WARNING * * *
The orc warrior closely misses you.
You take 19 damage, and have 5/144 hp.
You closely miss the orc warrior.
You headbutt the orc warrior, but do no damage.
Unknown command.
You completely miss the orc warrior. Your headbutt misses the orc warrior.
The orc warrior hits you with a battleaxe!!!
You die...
Your body crumbles into a pile of gold.

████...██ ██....████.█.......
..█.....██ ██.....█.....█....██
.........██ █.............███.█
..........█ ██..............████
█....██...██.█...█.....█.....█
..........█.██............████
█.....)██..█.....██.....███ .█
██.....█....███..█████..██.█..█
█.....███.....█@..█.....).....██
██............oo█.██...█)).......
.....█.....██OoO███....█.....█...
█.█.$......ooo███ ███.....█..█ █
. █.........ooo█ ......██....
██...██.....██ ███....█ █..█
█.████$.....██ ██..██ .██ ██
█........$█ █.██ █ █....██..>..█
██


You could see 5 orc warriors, 2 ogres, an orc priest and 2 orcs.

Vanquished Creatures
  An orc warlord (Orc:1)
  The ghost of DEFE the Fighter, a journeyman DsFi of Dithmenos (D:10)
  A centaur warrior (D:12)
  2 two-headed ogres
  The ghost of XO4YCPATb the Basher, a novice GrBe of Trog (D:9)
  The ghost of Havercy the Spear-Bearer, a novice OpFi of Yredelemnul (D:8)
  Pikel (D:6)
  A deep elf mage (D:12)
  Psyche (D:9)
  Maurice (D:12)
  A gargoyle (D:11)
  A komodo dragon (D:9)
  2 trolls
  Prince Ribbit (D:7)
  6 hippogriffs
  Sigmund (D:3)
  A human (D:7)
  A water elemental (D:12)
  A wyvern (D:12)
  4 hogs (D:7)
  3 hungry ghosts
  A wraith (D:12)
  10 yaks
  3 water moccasins
  A sky beast (D:7)
  An ice beast (D:5)
  12 orc warriors
  An eye of draining (D:13)
  2 black bears
  3 necrophages
  12 ogres
  8 centaurs
  2 phantoms (D:9)
  A crocodile (D:12)
  8 bullfrogs
  3 big kobolds
  A gnoll sergeant (D:7)
  A wyvern zombie (D:10)
  A wyvern skeleton (D:9)
  5 scorpions
  19 killer bees
  3 howler monkeys
  2 electric eels (D:10)
  A crimson imp (D:9)
  A bullfrog zombie (D:9)
  6 hounds
  A centaur zombie (D:5)
  14 orc priests
  A gnoll shaman (D:10)
  Crazy Yiuf (D:2)
  2 bullfrog skeletons
  3 centaur skeletons
  3 jellies
  18 orc wizards
  4 iguanas
  9 worker ants
  Natasha (thrice) (D:2)
  A killer bee zombie (D:7)
  2 human simulacra (D:9)
  A worker ant zombie (D:9)
  17 gnolls
  14 adders
  3 shadow imps
  An ooze (D:1)
  An adder skeleton (D:9)
  2 worms (D:2)
  A dart slug (D:1)
  8 leopard geckos
  64 orcs
  6 giant cockroaches
  11 goblins
  13 hobgoblins
  11 jackals
  2 quokkas
  7 bats
  A frilled lizard (D:4)
  2 jackal skeletons
  29 kobolds
  A leopard gecko skeleton (D:4)
  5 rats
403 creatures vanquished.

Vanquished Creatures (others)
  5 dream sheep (D:5)
  An ice beast (D:6)
  A phantom (D:9)
  An orc wizard (D:12)
  A leopard gecko (D:10)
  2 plants (D:9)
11 creatures vanquished.

Grand Total: 414 creatures vanquished

Notes
Turn   | Place    | Note
-------+----------+-------------------------------------------
     0 | D:1      | Goblin1989 the Demonspawn Monk began the quest for the Orb.
     0 | D:1      | Reached XP level 1. HP: 18/18 MP: 1/1
     0 | D:1      | Goblin1989: !lg goblin1989 s=-god
     0 | D:1      | beem: 1607 games for goblin1989: 2x Jiyva, 2x Beogh, 2x Pakellas, 2x Nemelex Xobeh, 3x Yredelemnul, 3x Sif Muna, 4x Zin, 7x Kikubaaqudgha, 7x The Shining One, 8x Uskayaw, 10x Qazlal, 10x Xom, 12x Vehumet, 13x Elyvilon, 14x Fedhas, 15x Hepliaklqana, 26x Ashenzari, 27x Dithmenos, 28x Lugonu, 37x Ru, 50x Cheibriados, 81x Makhleb, 84x Trog, 97x Okawaru, 99x Gozag, 964x
   140 | D:1      | Reached skill level 3 in Long Blades
   172 | D:1      | Gained mutation: You are surrounded by a mild repulsion field. (EV +2) [demonic ancestry]
   172 | D:1      | Reached XP level 2. HP: 24/24 MP: 2/2
   989 | D:2      | Gained mutation: You have a pair of small horns on your head. [demonic ancestry]
   989 | D:2      | Reached XP level 3. HP: 29/29 MP: 3/3
  1016 | D:2      | Reached skill level 4 in Long Blades
  1047 | D:2      | Noticed Natasha
  1060 | D:2      | Killed Natasha
  1384 | D:2      | Gained mutation: You sometimes gain a little power by taking damage. [demonic ancestry]
  1384 | D:2      | Reached XP level 4. HP: 32/35 MP: 4/4
  1619 | D:2      | Noticed Natasha
  1627 | D:2      | Killed Natasha
  1627 | D:2      | Reached skill level 5 in Long Blades
  1690 | D:2      | Found a runed door.
  1777 | D:2      | Noticed Natasha
  1792 | D:2      | Killed Natasha
  1792 | D:2      | Gained mutation: You have a pair of horns on your head. [demonic ancestry]
  1792 | D:2      | Reached XP level 5. HP: 24/41 MP: 5/5
  1924 | D:2      | Noticed Crazy Yiuf
  1934 | D:2      | Killed Crazy Yiuf
  1980 | D:3      | Noticed Sigmund
  2202 | D:3      | Killed Sigmund
  2202 | D:3      | Reached skill level 6 in Long Blades
  2202 | D:3      | Reached XP level 6. HP: 38/47 MP: 6/6
  2676 | D:4      | Reached skill level 7 in Long Blades
  2906 | D:4      | Found Omakik's Distillery.
  2913 | D:4      | Found Xetseyc's Weapon Shop.
  2928 | D:4      | Gained mutation: You have a pair of large horns on your head. [demonic ancestry]
  2928 | D:4      | Reached XP level 7. HP: 21/52 MP: 7/7
  2946 | D:4      | Bought a cursed +0 great sword for 45 gold pieces
  3158 | D:4      | Found Sumuogua's Antique Weapon Shoppe.
  3454 | D:4      | Found Osimn's General Store.
  3489 | D:4      | Reached skill level 8 in Long Blades
  3675 | D:4      | Found a white marble altar of Elyvilon.
  3731 | D:4      | Gained mutation: Your flesh is heat resistant. (rF+) [demonic ancestry]
  3731 | D:4      | Reached XP level 8. HP: 25/58 MP: 8/8
  3735 | D:4      | Reached skill level 1 in Armour
  3753 | D:4      | Reached skill level 9 in Long Blades
  4090 | D:4      | Found an iron altar of Okawaru.
  4509 | D:5      | Entered Level 5 of the Dungeon
  4747 | D:5      | Noticed a dream sheep
  4747 | D:5      | Noticed a dream sheep
  4747 | D:5      | Noticed a dream sheep
  4747 | D:5      | Noticed a dream sheep
  4747 | D:5      | Noticed a dream sheep
  4747 | D:5      | Found a shimmering altar of Xom.
  4753 | D:5      | Killed a dream sheep
  4753 | D:5      | Killed a dream sheep
  4753 | D:5      | Killed a dream sheep
  4753 | D:5      | Killed a dream sheep
  4754 | D:5      | Killed a dream sheep
  5855 | D:6      | Found a staircase to the Ecumenical Temple.
  5860 | Temple   | Entered the Ecumenical Temple
  5864 | Temple   | Became a worshipper of Gozag Ym Sagoz the Greedy
  6016 | D:6      | Noticed Pikel
  6031 | D:6      | Killed Pikel
  6031 | D:6      | Reached skill level 5 in Fighting
  6031 | D:6      | Reached skill level 10 in Long Blades
  6031 | D:6      | Reached XP level 9. HP: 30/68 MP: 9/9
  6230 | D:6      | Found a sparkling altar of Nemelex Xobeh.
  6509 | D:6      | Found Jetyfi's Food Shoppe.
  6538 | D:6      | Found a hazy altar of Hepliaklqana.
  7355 | D:7      | Noticed Prince Ribbit
  7662 | D:7      | Killed Prince Ribbit
  7662 | D:7      | Reached skill level 11 in Long Blades
  7679 | D:7      | Gained mutation: You are surrounded by a moderate repulsion field. (EV +3) [demonic ancestry]
  7679 | D:7      | Reached XP level 10. HP: 62/76 MP: 10/10
  8122 | D:8      | Found Amiudwam's Food Shoppe.
  8185 | D:8      | Reached skill level 5 in Armour
  8531 | D:8      | Found Joazicot's Antique Armour Boutique.
  8534 | D:8      | Bought a runed chain mail for 336 gold pieces
  8620 | D:8      | Found Enawecva's Assorted Antiques.
  8628 | D:8      | Bought a shimmering pewter amulet for 130 gold pieces
  8629 | D:8      | Identified the amulet "Zauseq" {Faith *Drain +Blink rC+ Str+4} (You bought it in a shop on level 8 of the Dungeon)
  8630 | D:8      | DEFE: крайне выгодно покупать не идентнутые свитки
  8630 | D:8      | DEFE: высок шанс аквар и блин на халяву урвать
  8630 | D:8      | Goblin1989: да, я знаю
  8630 | D:8      | DEFE: потому что если идентифицируешь он будут стоить 1000+
  8632 | D:8      | Goblin1989: у меня гозаг
  8632 | D:8      | DEFE: А и верно
  8632 | D:8      | Goblin1989: 1-2 тысячи - не проблема
  8637 | D:8      | Noticed Havercy's ghost (novice OpFi)
  8666 | D:8      | DEFE: a
  8670 | D:8      | Killed Havercy's ghost
  8670 | D:8      | Reached skill level 5 in Dodging
  9014 | D:8      | Found Gageuf's Magic Scroll Shop.
  9024 | D:8      | Bought a scroll of identify for 24 gold pieces
  9024 | D:8      | Bought a scroll of identify for 24 gold pieces
  9024 | D:8      | Bought a scroll of identify for 24 gold pieces
  9165 | D:8      | Found Lior's Distillery.
  9234 | D:8      | Bought an emerald potion for 23 gold pieces
  9234 | D:8      | Bought an inky potion for 23 gold pieces
  9234 | D:8      | Bought a scroll labeled BOSISSO YMME for 26 gold pieces
  9234 | D:8      | Bought a scroll labeled SAHU ROGIXUZEI for 26 gold pieces
  9234 | D:8      | Bought a scroll labeled ARCHYAPN XUJEDO for 26 gold pieces
  9234 | D:8      | Bought a scroll labeled SAHU ROGIXUZEI for 26 gold pieces
  9947 | D:9      | Noticed Psyche
  9960 | D:9      | Killed Psyche
 10008 | D:9      | Noticed XO4YCPATb's ghost (novice GrBe)
 10017 | D:9      | Killed XO4YCPATb's ghost
 10017 | D:9      | Reached skill level 12 in Long Blades
 10022 | D:9      | Reached XP level 11. HP: 32/83 MP: 11/11
 10348 | D:9      | Found a radiant altar of Vehumet.
 10349 | D:9      | Gained mutation: You have sharp toenails. [potion of beneficial mutation]
 10350 | D:9      | Found a deep blue altar of Sif Muna.
 10350 | D:9      | Found a glowing silver altar of Zin.
 10351 | D:9      | Found a snail-covered altar of Cheibriados.
 10412 | D:9      | Found a stormy altar of Qazlal.
 10505 | D:9      | Noticed a two-headed ogre
 10512 | D:9      | Killed a two-headed ogre
 10598 | D:9      | Found a staircase to the Lair.
 10616 | D:9      | Found a basalt altar of Yredelemnul.
 10835 | D:9      | Found a burning altar of Makhleb.
 10842 | D:9      | Found a glowing golden altar of the Shining One.
 11585 | D:10     | Entered Level 10 of the Dungeon
 11726 | D:10     | Noticed DEFE's ghost (journeyman DsFi)
 11762 | D:10     | Killed DEFE's ghost
 12148 | D:10     | Got an encrusted leather armour
 12159 | D:10     | Identified the +4 leather armour "Hiluhud" {rPois Regen+} (You found it on level 10 of the Dungeon)
 12566 | D:11     | Reached skill level 13 in Long Blades
 12654 | D:11     | Noticed a two-headed ogre
 12659 | D:11     | Killed a two-headed ogre
 12925 | Lair:1   | Entered Level 1 of the Lair of Beasts
 12940 | Lair:1   | Reached XP level 12. HP: 93/94 MP: 12/12
 14067 | D:12     | Noticed Maurice
 14164 | D:12     | Found a staircase to the Orcish Mines.
 14251 | D:12     | Noticed a centaur warrior
 14260 | D:12     | Killed a centaur warrior
 14772 | D:12     | Killed Maurice
 14841 | Orc:1    | Entered Level 1 of the Orcish Mines
 14958 | Orc:1    | Noticed an orc warlord
 14981 | Orc:1    | Killed an orc warlord
 14986 | Orc:1    | HP: 5/144 [orc priest/divine providence[an orc warlord] (20)]
 14988 | Orc:1    | Annihilated by an orc warrior

Vault maps used:
D:1:      tarquinn_simple_flora_water_e
D:2:      minmay_diamond_boxcup, uniq_natasha, uniq_crazy_yiuf_cottage
D:3:      uniq_sigmund
D:4:      cheibrodos_thug_alley, overflow_temple_1_default, first_bread,
          serial_shops, nicolae_shop_stone, shop, nicolae_shop_crystal, shop,
          okawaru_altar_gauntlet_db
D:5:      kb_xom_exploding_sheep
D:6:      nemelex_altar_shiori, nicolae_overflow_hidden_temple, serial_shops,
          nicolae_shop_statue_plus, uniq_pikel
D:7:      grunt_livestock, uniq_prince_ribbit1
D:8:      serial_shops, shop, nicolae_shop_behind_doors, shop, shop,
          nicolae_shop_window_shopping
D:9:      yredelemnul_altar_generic, chequers_temple_overflow_statue_of_worship,
          nicolae_qazlal_eye_of_the_storm, amethyst_overflow_temple_binary,
          david_lair_shrubbed, bh_circular_ruins, uniq_psyche
D:12:     erik_orc_2, uniq_maurice
Temple:   pf_slimified_temple
Lair:1:   grunt_megastairs_2

Skill      XL: |  1  2  3  4  5  6  7  8  9 10 11 12 |
---------------+-------------------------------------+-----
Long Blades    | 3 4 5 6 7 8 10 11 12 13 | 13.6
Armour         | 3 4 5 7 |  7.9
Fighting       | 5 6 7 8 9 |  9.4
Dodging        | 3 4 5 7 |  7.8
Stealth        | |  1.7

Action                   |  1- 3 |  4- 6 |  7- 9 | 10-12 || total
-------------------------+-------+-------+-------+-------++-------
Melee: Falchion          |    70 |   168 |       |       ||   238
       Headbutt          |     6 |    25 |    59 |   159 ||   249
       Great sword       |       |       |   259 |   661 ||   920
       Kick              |       |       |       |     9 ||     9
Invok: Potion Petition   |       |       |       |     3 ||     3
       Call Merchant     |       |       |       |     2 ||     2
  Use: Potion            |       |     1 |     7 |    10 ||    18
       Scroll            |       |       |       |    16 ||    16
 Stab: Sleeping          |     1 |     2 |       |       ||     3
       Distracted        |       |       |     1 |     3 ||     4
  Eat: Chunk             |     1 |     5 |     8 |       ||    14
       Royal jelly       |       |       |     1 |       ||     1
       Fruit             |       |       |     3 |       ||     3
       Beef jerky        |       |       |     2 |     3 ||     5
       Bread ration      |       |       |       |     8 ||     8
Armor: Ring mail         |    17 |    30 |     7 |       ||    54
       Robe              |     1 |       |       |       ||     1
       Skin              |       |       |    23 |       ||    23
       Scale mail        |       |       |    51 |       ||    51
       Chain mail        |       |       |    36 |   304 ||   340
Dodge: Dodged            |    55 |    89 |   193 |   429 ||   766
       Rpst.: Falchion   |    27 |    16 |       |       ||    43
       Great sword       |       |       |    44 |   114 ||   158

Vault maps used:
D:1:      tarquinn_simple_flora_water_e
D:2:      minmay_diamond_boxcup, uniq_natasha, uniq_crazy_yiuf_cottage
D:3:      uniq_sigmund
D:4:      cheibrodos_thug_alley, overflow_temple_1_default, first_bread,
          serial_shops, nicolae_shop_stone, shop, nicolae_shop_crystal, shop,
          okawaru_altar_gauntlet_db
D:5:      kb_xom_exploding_sheep
D:6:      nemelex_altar_shiori, nicolae_overflow_hidden_temple, serial_shops,
          nicolae_shop_statue_plus, uniq_pikel
D:7:      grunt_livestock, uniq_prince_ribbit1
D:8:      serial_shops, shop, nicolae_shop_behind_doors, shop, shop,
          nicolae_shop_window_shopping
D:9:      yredelemnul_altar_generic, chequers_temple_overflow_statue_of_worship,
          nicolae_qazlal_eye_of_the_storm, amethyst_overflow_temple_binary,
          david_lair_shrubbed, bh_circular_ruins, uniq_psyche
D:12:     erik_orc_2, uniq_maurice
Temple:   pf_slimified_temple
Lair:1:   grunt_megastairs_2
